 Dungeon Crawl Stone Soup version 0.23.2-1-ga50397a6bc (webtiles) character file.

Game seed: 2895823019417817279

544 Kagerus the Chiller (level 7, -8/49 HPs)
             Began as a Merfolk Ice Elementalist on May 3, 2019.
             Was a Follower of Fedhas.
             Mangled by an ice beast (13 damage)
             ... on level 5 of the Dungeon.
             The game lasted 00:39:49 (6466 turns).

Kagerus the Chiller (Merfolk Ice Elementalist)      Turns: 6466, Time: 00:39:50

Health: -8/49      AC:  6    Str:  8    XL:     7   Next: 27%
Magic:  20/20      EV: 13    Int: 16    God:    Fedhas [*.....]
Gold:   199        SH:  0    Dex: 15    Spells: 6/12 levels left

rFire    . . .     SeeInvis .   e - +0 halberd
rCold    . . .     Gourm    .   (shield currently unavailable)
rNeg     . . .     Faith    .   w - +0 leather armour
rPois    .         Spirit   .   j - +0 helmet
rElec    .         Reflect  .   n - +0 cloak
rCorr    .         Harm     .   i - +0 pair of gloves
MR       .....                  (no boots)
Stlth    ++........             s - amulet of magic regeneration
HPRegen  0.16/turn              q - ring of magical power
MPRegen  0.42/turn              (no ring)

@: very slightly contaminated
A: change form in water, swift swim, stealthy swim
a: Fungal Bloom, Sunlight, Renounce Religion


You were on level 5 of the Dungeon.
You worshipped Fedhas.
Fedhas was aware of your devotion.
You were not hungry.

You visited 2 branches of the dungeon, and saw 6 of its levels.
You also visited: Sewer.

You collected 199 gold pieces.

Inventory:

Hand Weapons
 b - a +0 blowgun
 e - a +0 halberd (weapon)
Missiles
 f - 18 poisoned needles
Armour
 a - a +0 robe
 i - a +0 pair of gloves (worn)
 j - a +0 helmet (worn)
 n - a +0 cloak (worn)
 v - a +0 shield
 w - a +0 leather armour (worn)
Jewellery
 q - a ring of magical power (left hand)
 s - an amulet of magic regeneration (around neck)
 B - a +2 ring of dexterity {unknown}
Wands
 l - a wand of random effects (7)
Scrolls
 d - 4 scrolls of blinking
 h - a scroll of identify
 k - 5 scrolls of remove curse
 u - 2 scrolls of fear
 y - 2 scrolls of teleportation
 A - a scroll of immolation
 C - a scroll of enchant armour {unknown}
Potions
 g - 4 potions of heal wounds
 m - 2 potions of agility
 o - 3 potions of might {unknown}
 p - a potion of lignification
 r - a potion of flight
 t - 3 potions of curing {unknown}
 x - a potion of magic {unknown}
 z - 2 potions of haste {unknown}
Comestibles
 c - 8 rations


   Skills:
 + Level 1.8 Fighting
 * Level 4.2 Polearms
 - Level 3.0 Armour
 + Level 3.9 Dodging
 - Level 2.1 Stealth
 - Level 3.0 Spellcasting
 - Level 0.7 Conjurations
 - Level 5.0 Ice Magic


You had 6 spell levels left.
You knew the following spells:

 Your Spells              Type           Power        Failure   Level  Hunger
a - Throw Frost           Conj/Ice       ##....       12%         2    ##.....
b - Freeze                Ice            ###.         3%          1    #......
c - Ozocubu's Armour      Chrm/Ice       ##......     28%         3    ###....

Your spell library contained the following spells:

 Spells                   Type           Power        Failure   Level  Hunger
 Throw Icicle             Conj/Ice       ##......     63%         4    #####..
 Summon Ice Beast         Ice/Summ       ##......     67%         4    #####..


Dungeon Overview and Level Annotations

Branches:
Dungeon (5/15)             Temple (1/1) D:5

Altars:
Ashenzari
Elyvilon
Fedhas
Hepliaklqana
Kikubaaqudgha
Makhleb
Nemelex Xobeh
Okawaru
Qazlal
Ru
Sif Muna
Uskayaw
Wu Jian
Yredelemnul
Zin
The Shining One


Message History

The ice beast hits you but does no damage.
Attack whom?
Press: ? - help, Dir - move target cursor, f/p - ice beast
Aim: an ice beast (heavily wounded)
You hit the ice beast.
The ice beast is heavily wounded.
The ice beast hits you but does no damage.
Your icy armour cracks and falls away as you move.
Attack whom?
Press: ? - help, Dir - move target cursor, f/p - ice beast
Aim: an ice beast (heavily wounded)
You hit the ice beast.
The ice beast is severely wounded.
The ice beast hits you. The ice beast freezes you!
* * * LOW HITPOINT WARNING * * *
The ice beast hits you.
* * * LOW HITPOINT WARNING * * *
The ice beast freezes you!
You die...
Fedhas appreciates your contribution to the ecosystem.

.......................>#
######################..#
#######..# #.....#..#
#.###.#..# #.# #....# #.#
###.## #.#####.##
######## #@.......#
.......# #Y.......#
...##### #........# ...#
#..####.## ...# ##.# .#
.).# #.# ...# ... ####
....# <...()


You could see an ice beast.

Vanquished Creatures
  2 crimson imps
  A hound (D:4)
  A centaur skeleton (D:4)
  2 orc wizards (D:3)
  A worker ant (D:5)
  A hound skeleton (D:4)
  A howler monkey zombie (D:4)
  7 gnolls
  6 adders
  5 river rats (Sewer)
  3 worms
  3 dart slugs
  4 leopard geckos
  19 orcs
  3 ball pythons (Sewer)
  11 giant cockroaches
  9 goblins
  5 hobgoblins
  2 jackals (D:1)
  2 quokkas
  5 bats
  10 frilled lizards
  A giant cockroach zombie (D:5)
  9 kobolds
  10 rats
123 creatures vanquished.

Vanquished Creatures (others)
  A fungus (D:2)
  22 toadstools
23 creatures vanquished.

Grand Total: 146 creatures vanquished

Notes
Turn   | Place    | Note
-------+----------+-------------------------------------------
     0 | D:1      | Kagerus the Merfolk Ice Elementalist began the quest for
                  | the Orb.
     0 | D:1      | Reached XP level 1. HP: 13/13 MP: 3/3
   231 | D:1      | Reached XP level 2. HP: 19/19 MP: 1/5
   235 | D:1      | Learned a level 2 spell: Throw Frost
   693 | D:1      | Reached XP level 3. HP: 24/24 MP: 1/7
  1427 | D:2      | Reached skill level 4 in Ice Magic
  1677 | D:2      | Found a blossoming altar of Fedhas.
  1691 | D:2      | Became a worshipper of Fedhas Madash
  1767 | D:2      | Reached XP level 4. HP: 24/30 MP: 0/8
  1910 | D:2      | Learned a level 3 spell: Ozocubu's Armour
  2557 | D:3      | Found a glowing golden altar of the Shining One.
  2660 | D:3      | Reached skill level 5 in Ice Magic
  2708 | D:3      | Reached skill level 1 in Polearms
  3088 | D:3      | Reached XP level 5. HP: 35/35 MP: 9/9
  3557 | D:2      | Reached skill level 1 in Armour
  3809 | D:3      | Reached XP level 6. HP: 40/42 MP: 0/10
  4067 | D:3      | Found an ancient bone altar of Kikubaaqudgha.
  4343 | D:4      | Found a glowing drain.
  4381 | Sewer    | Entered a sewer
  4627 | Sewer    | Reached * piety under Fedhas
  5482 | D:4      | Found a shattered altar of Ashenzari.
  5519 | D:4      | Reached skill level 1 in Fighting
  6004 | D:4      | Reached XP level 7. HP: 30/48 MP: 11/11
  6098 | D:5      | Entered Level 5 of the Dungeon
  6098 | D:5      | Found a glowing silver altar of Zin.
  6189 | D:5      | Found a hide-covered altar of Uskayaw.
  6201 | D:5      | Found a staircase to the Ecumenical Temple.
  6211 | Temple   | Entered the Ecumenical Temple
  6466 | D:5      | Mangled by an ice beast

Skill      XL: |  1  2  3  4  5  6  7 |
---------------+----------------------+-----
Ice Magic      | 4 5 |  5.0
Spellcasting   | 3 |  3.0
Dodging        | 3 |  3.9
Polearms       | 1 2 3 4 |  4.2
Armour         | 1 3 |  3.0
Fighting       | 1 |  1.8
Stealth        | |  2.1
Conjurations   | |  0.7

Action                   |  1- 3 |  4- 6 |  7- 9 || total
-------------------------+-------+-------+-------++-------
Melee: Unarmed           |     9 |       |       ||     9
       Short sword       |    40 |     7 |       ||    47
       Halberd           |       |    89 |    42 ||   131
 Cast: Freeze            |     9 |       |       ||     9
       Throw Frost       |    38 |   156 |    30 ||   224
       Ozocubu's Armour  |       |     7 |     1 ||     8
Invok: Fungal Bloom      |       |     7 |       ||     7
Evoke: Wand              |       |    10 |       ||    10
  Use: Scroll            |       |    12 |       ||    12
       Potion            |       |     2 |       ||     2
 Stab: Sleeping          |       |     4 |       ||     4
  Eat: Chunk             |     4 |    19 |     2 ||    25
       Ration            |       |     1 |     1 ||     2
Armor: Robe              |    16 |     9 |       ||    25
       Leather armour    |       |    34 |    25 ||    59
Dodge: Dodged            |    43 |   150 |    51 ||   244
